 Dungeon Crawl Stone Soup version 0.32-a0-329-ge6c31236d6 (webtiles) character file.

Game seed: 15092316518603626

248 zeratav the Trooper (level 6, -4/45 HPs)
             Began as an Octopode Shapeshifter on Feb 16, 2024.
             Slain by Pikel
             ... wielding a +2 whip of flaming
              (10 damage)
             ... on level 4 of the Dungeon.
             The game lasted 00:02:29 (2221 turns).

zeratav the Trooper (Octopode Shapeshifter)         Turns: 2221, Time: 00:02:29

Health: -4/45      AC:  1    Str: 15    XL:     6   Next: 12%
Magic:  6/6        EV: 18    Int: 12    God:
Gold:   192        SH:  0    Dex: 12    Spells: 5/5 levels left

rFire   . .          .
                       - Unarmed
rCold   . . .        (no shield)
rNeg    . . .        (helmet currently unavailable)
rPois   .            (no amulet)
rElec   .            j - +5 ring of evasion
rCorr   .            (no ring)
SInv    .            (no ring)
Will    .....        (no ring)
Stlth   ++           (no ring)
HPRegen 0.27/turn    (no ring)
MPRegen 0.10/turn    (no ring)
                     (no ring)

%: no passive effects
@: beast-form
A: beast (slay +2), almost no armour, amphibious, 8 rings, camouflage 1,
gelatinous body 1, (nimble swimmer 1), tentacles
a: Begin Untransformation


You were on level 4 of the Dungeon.
You were a hulking beast.
You visited 1 branch of the dungeon, and saw 4 of its levels.

You collected 192 gold pieces.


Innate Abilities, Weirdness & Mutations

You are a hulking beast.
Your limbs bulge with bestial killing power. (Slay +2)
You cannot wear most types of armour.
You are amphibious.
You can wear up to eight rings at the same time.
Your skin changes colour to match your surroundings (Stealth+).
Your rubbery body absorbs attacks. (AC +1, EV +1)
((You are camouflaged when in or above water. (Stealth+)))
You have tentacles for arms and can constrict up to eight enemies at once.


   Skills:
 - Level 5.0 Fighting
 - Level 2.0 Dodging
 - Level 3.0 Unarmed Combat
 + Level 4.1 Shapeshifting


You had 5 spell levels left.
You didn't know any spells.
Your spell library contained the following spells:

 Spells                   Type           Power      Damage    Failure   Level
 Foxfire                  Conj/Fire      0%         2x1d4     32%         1
 Slow                     Hex            0%         N/A       32%         1
 Ensorcelled Hibernation  Hex/Ice        0%         N/A       45%         2
 Confusing Touch          Hex            0%         N/A       69%         3
 Fugue of the Fallen      Necr           0%         N/A       69%         3
 Sigil of Binding         Hex            0%         N/A       69%         3
 Vampiric Draining        Necr           0%         2d6       69%         3
 Anguish                  Hex/Necr       0%         N/A       97%         4
 Plasma Beam              Fire/Air       0%         2x1d10    100%        6
 Starburst                Conj/Fire      0%         6d3       100%        6

Inventory:

Jewellery
 j - a +5 ring of evasion (left tentacle)
   (You found it on level 2 of the Dungeon)
 o - a ring of magical power
   (You found it on level 3 of the Dungeon)
Talismans
 b - a beast talisman (active)
 c - a flux talisman
Scrolls
 d - a scroll of torment {unknown}
 h - 5 scrolls of identify {unknown}
 i - a scroll of silence {unknown}
 k - a scroll of teleportation {unknown}
 p - a scroll of immolation {unknown}
 q - a scroll of vulnerability {unknown}
Potions
 a - a potion of lignification {!q}
 e - a potion of curing {unknown}
 f - a potion of berserk rage {unknown}
 g - a potion of heal wounds {unknown}
 l - a potion of might {unknown}
 m - a potion of ambrosia {unknown}
 n - a potion of invisibility {unknown}
 r - a potion of resistance {unknown}

Dungeon Overview and Level Annotations

Branches:
Dungeon (4/15) Zot: 21786
 Temple: D:4-7

Altars:

Annotations:
D:3 exclusion: downstairs
D:4 Pikel

#.(.....##.........#...
#...........#.##.......
###.......##.##....5.....
..........5##.#####.#.####
.###.......##.# #5#.#
........5....# #.#.#
#####.##5##### #.#.#
#.##K# #.#5# #.##h#
#######.#)# #.##5#
#.....5.#5# #.##.#
#5#######.#
#.#########.##.###.# #<#
.................#.# #.#
#.########.####..5.# #†#
#.###.....#######.#
#.##..............#
#######.###.....#########


You could see Pikel and 4 lemures.


Message History

You start resting.
HP[+16]
Your hp is fully restored (45).
You see here a hound corpse.
A hobgoblin comes into view.
A hobgoblin is nearby!
The hobgoblin shouts!
The hobgoblin closely misses you.
You closely miss the hobgoblin. You grab the hobgoblin.
You constrict the hobgoblin, but do no damage.
The hobgoblin hits you.
HP[-1]
You take 1 damage, and now have 44/45 hp.
You tentacle-slap the hobgoblin. You constrict the hobgoblin.
The hobgoblin barely misses you.
You tentacle-slap the hobgoblin.
You kill the hobgoblin!
No target in view!
No target in view!
No target in view!
No target in view!
No target in view!
No target in view!
No target in view!
No target in view!
No target in view!
No target in view! 2 lemures come into view.
Found a stone staircase leading up.
HP[+1]
Your hp is fully restored (45).
Pikel and a lemure come into view.
Pikel is wielding a +2 whip of flaming.
Pikel shouts!
The lemure shouts! x2; You hear a shout!
You see here a hound corpse.
There is a stone staircase leading up here.
You climb upwards.
There is a stone staircase leading down here.
There is a stone staircase leading down here.
You climb downwards.
Level annotation: Pikel
There is a stone staircase leading up here.
The lemure shouts! x2
An adder comes into view.
The adder moves out of view.
The adder hisses angrily.
You tentacle-slap the adder. Your grab misses the adder.
The adder completely misses you. The adder closely misses you.
You tentacle-slap the adder. You grab the adder. You squeeze the adder.
You kill the adder!
A lemure comes into view.
You see here an adder corpse.
The lemure shouts!
You tentacle-slap Pikel but do no damage.
You grab Pikel. You constrict Pikel, but do no damage.
Pikel cracks his whip.
Pikel hits you with a +2 whip of flaming!
Pikel burns you.
HP[-11]
You take 11 damage, and now have 34/45 hp.
MASSIVE DAMAGE!! (PAUSE)
You tentacle-slap Pikel. You constrict Pikel. The lemure barely misses you.
Pikel hits you with a +2 whip of flaming!
Pikel burns you.
HP[-10]
You take 10 damage, and now have 24/45 hp.
MASSIVE DAMAGE!! (PAUSE)
You tentacle-slap Pikel but do no damage.
You squeeze Pikel, but do no damage. You constrict Pikel, but do no damage.
The lemure barely misses you.
Pikel hits you with a +2 whip of flaming!
* * * LOW HITPOINT WARNING * * *
Pikel burns you.
* * * LOW HITPOINT WARNING * * *
HP[-9]
You take 9 damage, and now have 15/45 hp.
You tentacle-slap Pikel but do no damage.
You squeeze Pikel, but do no damage. You constrict Pikel.
The lemure closely misses you.
Pikel hits you with a +2 whip of flaming.
* * * LOW HITPOINT WARNING * * *
Pikel burns you.
* * * LOW HITPOINT WARNING * * *
HP[-6]
You take 6 damage, and now have 9/45 hp.
You barely miss Pikel.
Your tentacle-slap misses Pikel.
You constrict Pikel. The lemure misses you. Pikel barely misses you.
You tentacle-slap Pikel but do no damage.
You constrict Pikel. The lemure closely misses you.
Pikel completely misses you.
The lemure shouts!
You tentacle-slap Pikel but do no damage.
You constrict Pikel. The lemure barely misses you. Pikel closely misses you.
HP[+1]
You tentacle-slap Pikel but do no damage.
You squeeze Pikel. You constrict Pikel. The lemure hits you.
* * * LOW HITPOINT WARNING * * *
Pikel hits you with a +2 whip of flaming!
You die...
Pikel says, "Another soul for the market."

Skill      XL: |  1  2  3  4  5 |
---------------+----------------+-----
Fighting       | 2 3 4 5 |  5.0
Shapeshifting  | 4 |  4.1
Dodging        | |  2.0
Unarmed Combat | |  3.0

Action                     |  1- 3 |  4- 6 || total
---------------------------+-------+-------++-------
  Melee: Unarmed           |    47 |   102 ||   149
         Tentacles         |    11 |    21 ||    32
         Constrict         |    11 |    19 ||    30
         Punch             |     2 |     3 ||     5
   Stab: Sleeping          |     7 |     7 ||    14
 Armour: Skin              |    13 |    43 ||    56
  Dodge: Dodged            |    15 |    91 ||   106

Levels and vault maps discovered:
D:1:      dpeg_arrival_tiny_f, layout_loops_cross
D:2:      layout_rooms, minmay_tall_x
D:3:      layout_rooms
D:4:      layout_loops_ring, nzn_hepliaklqana_mist_gate,
          mainiacjoe_overflow_large_starburst, nicolae_overflow_two_pavilions,
          minmay_vboxes, uniq_pikel

Notes
Turn   | Place    | Note
-------+----------+-------------------------------------------
     0 | D:1      | zeratav the Octopode Shapeshifter began the quest for the
                  | Orb.
     0 | D:1      | Reached XP level 1. HP: 13/13 MP: 1/1
     0 | D:1      | magus.rc [v1.9.6]
   136 | D:1      | Reached skill level 2 in Fighting
   136 | D:1      | Reached XP level 2. HP: 19/19 MP: 2/2
   305 | D:1      | Reached XP level 3. HP: 25/25 MP: 3/3
   331 | D:1      | Reached skill level 3 in Fighting
   716 | D:2      | You pick up a book of Fire and begin reading...
   716 | D:2      | You add the spells Foxfire, Plasma Beam and Starburst to
                  | your library.
   807 | D:2      | Reached XP level 4. HP: 33/33 MP: 4/4
   858 | D:2      | Reached skill level 4 in Fighting
  1420 | D:3      | You pick up a book of Debilitation and begin reading...
  1420 | D:3      | You add the spells Slow, Sigil of Binding, Vampiric
                  | Draining and Confusing Touch to your library.
  1497 | D:3      | Reached XP level 5. HP: 35/38 MP: 5/5
  1724 | D:3      | You pick up a book of Dreams and begin reading...
  1724 | D:3      | You add the spells Ensorcelled Hibernation, Fugue of the
                  | Fallen and Anguish to your library.
  1854 | D:4      | Reached skill level 5 in Fighting
  1865 | D:4      | HP: 6/39 [orc/+0 club (6)]
  1870 | D:4      | HP: 2/39 [poisoned by an adder]
  2006 | D:4      | Reached skill level 4 in Shapeshifting
  2006 | D:4      | Reached XP level 6. HP: 29/45 MP: 6/6
  2108 | D:4      | Noticed Pikel
  2217 | D:4      | HP: 10/45 [Pikel/+2 whip of flaming (5)]
  2221 | D:4      | Slain by Pikel

Vanquished Creatures
  A hound (D:4)
  2 orc wizards (D:4)
  4 adders
  A ribbon worm (D:3)
  4 orcs
  4 bats
  9 endoplasms
  6 giant cockroaches
  7 hobgoblins
  3 quokkas
  5 ball pythons
  4 frilled lizards
  8 goblins
  9 kobolds
  4 rats
71 creatures vanquished.

Table legend:
 A = Non-vault XP
 B = Vault XP
 C = Vault XP percentage of total XP
 D = Non-vault monster count
 E = Vault monster count
 F = Vault count percentage of total count
                 A         B        C        D         E       F
            +---------+---------+-------+---------+---------+-------
      Total |     333 |      22 |   6.2 |      67 |       4 |   5.6
            +---------+---------+-------+---------+---------+-------
        D:1 |      54 |       0 |   0.0 |      20 |       0 |   0.0
        D:2 |      56 |      22 |  28.2 |      20 |       4 |  16.7
        D:3 |      63 |       0 |   0.0 |      18 |       0 |   0.0
        D:4 |     160 |       0 |   0.0 |       9 |       0 |   0.0
            +---------+---------+-------+---------+---------+-------

Skill      XL: |  1  2  3  4  5 |
---------------+----------------+-----
Fighting       | 2 3 4 5 |  5.0
Shapeshifting  | 4 |  4.1
Dodging        | |  2.0
Unarmed Combat | |  3.0

Action                     |  1- 3 |  4- 6 || total
---------------------------+-------+-------++-------
  Melee: Unarmed           |    47 |   102 ||   149
         Tentacles         |    11 |    21 ||    32
         Constrict         |    11 |    19 ||    30
         Punch             |     2 |     3 ||     5
   Stab: Sleeping          |     7 |     7 ||    14
 Armour: Skin              |    13 |    43 ||    56
  Dodge: Dodged            |    15 |    91 ||   106

Illustrated notes

Table legend:
 A = Kills in this place as a percentage of kills in the entire game.
 B = Kills by you in this place as a percentage of kills by you in the entire game.
 C = Kills by friends in this place as a percentage of kills by friends in the entire game.
 D = Other kills in this place as a percentage of other kills in the entire game.
 E = Experience gained in this place as a percentage of experience gained in the entire game.
 F = Experience gained in this place divided by the number of levels of this place that you have seen.
                   A       B       C       D       E      F
               +-------+-------+-------+-------+-------+----------------------
         Total | 100.0 | 100.0 |   N/A |   N/A | 100.0 |  88.8
       Dungeon | 100.0 | 100.0 |   N/A |   N/A | 100.0 |  88.8
               +-------+-------+-------+-------+-------+----------------------

Table legend: (Time is in decaauts)
 A = Elapsed time spent in this place.
 B = Non-inter-level travel time spent in this place.
 C = Inter-level travel time spent in this place.
 D = Time resting spent in this place.
 E = Time spent auto-exploring this place.
 F = Levels seen in this place.
 G = Mean time per level.
                   A        B        C        D        E       F      G
               +--------+--------+--------+--------+--------+-----+--------+
         Total |   2212 |   2151 |     61 |    273 |   1446 |   4 |  553.0 |
       Dungeon |   2212 |   2151 |     61 |    273 |   1446 |   4 |  553.0 |
               +--------+--------+--------+--------+--------+-----+--------+

Top non-repeatable levels by time:
     D:1: 653 daAuts
     D:2: 620 daAuts
     D:3: 598 daAuts
     D:4: 340 daAuts
